 Dungeon Crawl Stone Soup version 0.15-a0-1866-g491fd59 (webtiles) character file.

161 PolkaDot the Caller (level 5, -8/35 HPs)
             Began as a Vampire Summoner on July 4, 2014.
             Mangled by Grinder (9 damage)
             ... while paralysed by Grinder
             ... on Level 3 of the Dungeon.
             The game lasted 00:09:51 (2695 turns).

PolkaDot the Caller (Vampire Summoner)              Turns: 2695, Time: 00:09:51

HP  -8/35        AC  3     Str  7      XL: 5   Next: 18%
MP   6/9         EV  2     Int 18      God:
Gold 115         SH  0     Dex 14      Spells:  3 memorised,  2 levels left

rFire  . . .     SeeInvis +     o - +0 spear
rCold  . . .     Clarity  .     a - +0 robe
rNeg   . . .     rCorr    .     (no shield)
rPois  .         rRot     .     f - +0 helmet
rElec  .         Spirit   .     (no cloak)
SustAb .         Warding  .     (no gloves)
rMut   .         Stasis   .     (no boots)
Gourm  .                        (no amulet)
MR     .....                    (no ring)
                                (no ring)

@: paralysed, regenerating quickly, not resistant to hostile enchantments,
unstealthy
A: fangs 3, see invisible, wild magic 1, unbreathing
a: no special abilities


You were on level 3 of the Dungeon.
You were very full.

You visited 1 branch of the dungeon, and saw 3 of its levels.

You collected 115 gold pieces.

Inventory:

Hand weapons
 o - a +0 spear (weapon)
Armour
 a - a +0 robe (worn)
 f - a +0 helmet (worn)
Scrolls
 c - a scroll of noise {unknown}
 e - a scroll of immolation {unknown}
 g - a scroll of magic mapping {unknown}
 h - a scroll of random uselessness {unknown}
 i - a scroll of enchant weapon {unknown}
 j - 2 scrolls of recharging {unknown}
 k - 5 scrolls of identify {unknown}
 l - 4 scrolls of fear {unknown}
 p - 2 scrolls of teleportation {unknown}
Books
 b - a book of Callings

   Spells                             Type                      Level
   *Summon Small Mammal               Summoning                    1
   *Call Imp                          Summoning                    2
   *Call Canine Familiar              Summoning                    3
   Summon Guardian Golem              Hexes/Summoning              4
   Summon Lightning Spire             Summoning/Air                4
   Summon Ice Beast                   Ice/Summoning                4


   Skills:
 - Level 2.1 Dodging
 - Level 3.0 Stealth
 - Level 2.0 Spellcasting
 * Level 6.5 Summonings


You had 2 spell levels left.
You knew the following spells:

 Your Spells              Type           Power        Failure   Level  Hunger
a - Summon Small Mammal   Summ           ####         4%          1    #......
d - Call Canine Familiar  Summ           #####...     9%          3    ####...
s - Call Imp              Summ           #####...     5%          2    ##.....


Dungeon Overview and Level Annotations

Branches:
Dungeon (3/15)

Altars:
Fedhas

Annotations:
D:3 Grinder, Sigmund


Innate Abilities, Weirdness & Mutations

Your natural rate of healing is unusually fast.
You have razor-sharp teeth.*
You have supernaturally acute eyesight.
You can survive without breathing.*
Your spells are a little harder to cast, but a little more powerful.


Message History

Your hound barely misses Grinder.
Grinder barely misses you.
You barely miss Grinder.
Grinder is heavily wounded.
Your hound barely misses Grinder.
Grinder hits you!
You writhe in agony.
* * * LOW HITPOINT WARNING * * *
Your hound bites Grinder.
You barely miss Grinder.
Grinder is heavily wounded.
Your hound barely misses Grinder.
Grinder gestures at you. Pain shoots through your body!
* * * LOW HITPOINT WARNING * * *
You aren't carrying any potions.
Casting: Call Canine Familiar
Confirm with . or Enter, or press ? or * to list all spells.
Your hound barely misses Grinder.
Your hound bites Grinder.
Grinder gestures at you.
You suddenly lose the ability to move!
Your hound bites Grinder.
Grinder hits you!
You die...

#.# #######.#
#.......# ###
########.#######
###..
#................
.....
##.######..#.####
###.. ...........#
# #.. ##.#######.#
# ###
#....r.@5h#.# ###
#########.#.###...
... #...........
### #.#.........
... #.#S########
### # ... #..
##.## .# #.# ...


You could see Grinder, a friendly hound and a friendly rat.

Vanquished Creatures
  Ijyb (D:2)
  A worm (D:2)
  2 giant geckos
  2 ball pythons
  3 bats
  3 giant cockroaches
  7 goblins (D:2)
  5 hobgoblins
  6 jackals
  A quokka (D:2)
  4 giant newts
  4 kobolds
  6 rats
45 creatures vanquished.

Vanquished Creatures (collateral kills)
  An ogre (D:3)
  2 adders (D:2)
  2 giant cockroaches (D:1)
  6 goblins
  3 hobgoblins
  2 jackals
16 creatures vanquished.

Vanquished Creatures (others)
  3 hounds
  3 quokkas
  3 bats
  2 rats
11 creatures vanquished.

Grand Total: 72 creatures vanquished

Notes
Turn   | Place    | Note
--------------------------------------------------------------
     0 | D:1      | PolkaDot, the Vampire Summoner, began the quest for the Orb.
     0 | D:1      | Reached XP level 1. HP: 13/13 MP: 3/3
   634 | D:1      | Reached XP level 2. HP: 14/19 MP: 4/4
  1420 | D:2      | Reached skill level 5 in Summonings
  1420 | D:2      | Reached XP level 3. HP: 17/24 MP: 0/6
  1634 | D:2      | Learned a level 3 spell: Call Canine Familiar
  1637 | D:2      | Learned a level 2 spell: Call Imp
  1928 | D:2      | Noticed Ijyb
  1960 | D:2      | Killed Ijyb
  1960 | D:2      | Reached XP level 4. HP: 8/30 MP: 0/7
  2343 | D:3      | Noticed an ogre
  2354 | D:3      | Killed an ogre
  2354 | D:3      | Reached skill level 6 in Summonings
  2354 | D:3      | Reached XP level 5. HP: 26/35 MP: 1/9
  2384 | D:3      | Found a blossoming altar of Fedhas.
  2495 | D:3      | Noticed Sigmund
  2509 | D:3      | Gained mutation: Your spells are a little harder to cast, but a little more powerful. [potion of beneficial mutation]
  2675 | D:3      | Noticed Grinder
  2676 | D:3      | Paralysed by Grinder for 2 turns
  2693 | D:3      | HP: 1/35 [Grinder/nerve-wracking pain (8)]
  2694 | D:3      | Paralysed by Grinder for 7 turns
  2695 | D:3      | Mangled by Grinder

Action                   |  1- 3 |  4- 6 || total
-------------------------+-------+-------++-------
Melee: Short sword       |   105 |       ||   105
       Unarmed           |     3 |       ||     3
       Spear             |    46 |    60 ||   106
 Cast: Summon Small Mamm |    21 |     1 ||    22
       Call Canine Famil |     3 |     4 ||     7
  Use: Potion            |     2 |     3 ||     5
 Stab: Sleeping          |     7 |     3 ||    10
       Distracted        |       |     1 ||     1
